MLB
PITTSBURGH PIRATES @ LOS ANGELES ANGELS
10/04/2098
 
TOP OF THE 1ST
Pittsburgh Pirates batting - Pitching for Los Angeles Angels : LHP Mike Fife
Pitching: LHP Mike Fife
Batting: SHB Nick Stiles 0-0: Ball
1-0: Foul Ball, location: 23F
1-1: Foul Ball, location: 2F
1-2: SINGLE (Line Drive, 34D, EV 105.0 MPH)
Batting: RHB Randy Wilson 0-0: Called Strike
0-1: Ball
1-1: Fly out, F4 (Popup, 3, EV 72.5 MPH)
Batting: RHB Raul Munoz 0-0: Ball
1-0: Called Strike
Nick Stiles steals 2nd base
1-1: Ball
2-1: Ball
3-1: Fly out, F6 (Popup, 6S, EV 75.6 MPH)
Batting: RHB Zachary Gugliotta 0-0: Foul Ball, location: 9LMF
0-1: Ball
1-1: Ball
2-1: Ball
3-1: Base on Balls
Batting: RHB Nate D'Acquisto 0-0: SINGLE (Groundball, 4, EV 83.8 MPH) (infield hit)
Nick Stiles to third
Zachary Gugliotta to second
Batting: RHB Carlos Flores 0-0: Foul Ball, location: 2F
0-1: Ball
1-1: Swinging Strike
1-2: Ball
2-2: Ball
3-2: Foul Ball, location: 2F
3-2: GRAND SLAM HOME RUN (Flyball, 7D, EV 98.1 MPH), Distance : 363 ft
Batting: RHB Bryan Dannemiller 0-0: Called Strike
0-1: Foul Ball, location: 2F
0-2: Foul Ball, location: 2F
0-2: Ground out U3 (Groundball, 13, EV 91.3 MPH)
Top of the 1st over - 4 runs, 3 hits, 0 errors, 0 left on base; Pittsburgh 4 - Los Angeles 0
BOTTOM OF THE 1ST
Los Angeles Angels batting - Pitching for Pittsburgh Pirates : RHP Chris Niewinski
Pitching: RHP Chris Niewinski
Batting: RHB Tom Aitken 0-0: SINGLE (Groundball, 34D, EV 101.3 MPH)
Batting: RHB Matthew Allen 0-0: Ball
1-0: Called Strike
1-1: Ball
2-1: Called Strike
2-2: Foul Ball, location: 23F
2-2: Strikes out swinging
Batting: LHB Matt Evans 0-0: Ball
1-0: 2-RUN HOME RUN (Flyball, 89XD, EV 101.3 MPH), Distance : 399 ft
Batting: RHB Edgar Pirir 0-0: Called Strike
0-1: Called Strike
0-2: Strikes out swinging
Batting: LHB Trevor Martz 0-0: Called Strike
0-1: Swinging Strike
0-2: Ground out U3 (Groundball, 3, EV 78.1 MPH)
Bottom of the 1st over - 2 runs, 2 hits, 0 errors, 0 left on base; Pittsburgh 4 - Los Angeles 2
TOP OF THE 2ND
Pittsburgh Pirates batting - Pitching for Los Angeles Angels : LHP Mike Fife
Batting: RHB Alex Velazquez 0-0: Ball
1-0: Ball
2-0: Ground out 5-3 (Groundball, 56, EV 100.6 MPH)
Batting: RHB Verner Johannsen 0-0: Ball
1-0: Ball
2-0: Fly out, F9 (Line Drive, 9, EV 91.9 MPH)
Batting: SHB Nick Stiles 0-0: Called Strike
0-1: Fly out, F8 (Flyball, 8LD, EV 104.4 MPH)
Top of the 2nd over - 0 runs, 0 hits, 0 errors, 0 left on base; Pittsburgh 4 - Los Angeles 2
BOTTOM OF THE 2ND
Los Angeles Angels batting - Pitching for Pittsburgh Pirates : RHP Chris Niewinski
Batting: RHB David Whitehead 0-0: Foul Ball, location: 9LMF
0-1: Ground out 6-3 (Groundball, 6, EV 89.4 MPH)
Batting: RHB Randy Valdez 0-0: Ball
1-0: Ball
2-0: Called Strike
2-1: Ball
3-1: Foul Ball, location: 2F
3-2: Fly out, F4 (Popup, 4S, EV 79.4 MPH)
Batting: RHB Juan Cruz 0-0: Ball
1-0: Called Strike
1-1: Ball
2-1: SINGLE (Line Drive, 8LS, EV 91.9 MPH)
Batting: RHB Dennis Jackson 0-0: Called Strike
0-1: Ball
1-1: Ball
2-1: Foul Ball, location: 23FF
2-2: Strikes out looking
Bottom of the 2nd over - 0 runs, 1 hit, 0 errors, 1 left on base; Pittsburgh 4 - Los Angeles 2
TOP OF THE 3RD
Pittsburgh Pirates batting - Pitching for Los Angeles Angels : LHP Mike Fife
Batting: RHB Randy Wilson 0-0: Called Strike
0-1: Foul Ball, location: 2F
0-2: Ball
1-2: Ball
2-2: SOLO HOME RUN (Flyball, 7D, EV 95.0 MPH), Distance : 379 ft
Batting: RHB Raul Munoz 0-0: Ball
1-0: SINGLE (Flyball, 6MD, EV 83.1 MPH)
Batting: RHB Zachary Gugliotta 0-0: Ball
1-0: Ball
2-0: Fly out, F9 (Flyball, 89D, EV 85.6 MPH)
Batting: RHB Nate D'Acquisto 0-0: Swinging Strike
0-1: Foul Ball, location: 25FF
0-2: Foul Ball, location: 7LDF
0-2: Fly out, F9 (Flyball, 9S, EV 95.0 MPH)
Pitching: RHP Paul Pickel
Batting: RHB Carlos Flores 0-0: DOUBLE (Flyball, 8RXD, EV 104.4 MPH)
Raul Munoz to third
Runner from 3rd tries for Home, SAFE, throw by CF to home
Batting: RHB Bryan Dannemiller 0-0: Fly out, F9 (Flyball, 9, EV 87.5 MPH)
Top of the 3rd over - 2 runs, 3 hits, 0 errors, 1 left on base; Pittsburgh 6 - Los Angeles 2
BOTTOM OF THE 3RD
Los Angeles Angels batting - Pitching for Pittsburgh Pirates : RHP Chris Niewinski
Batting: RHB Tom Aitken 0-0: Ball
1-0: Foul Ball, location: 2LF
1-1: Swinging Strike
1-2: Ground out 4-3 (Groundball, 4, EV 85.0 MPH)
Batting: RHB Matthew Allen 0-0: Called Strike
0-1: Called Strike
0-2: Fly out, F9 (Flyball, 9D, EV 93.8 MPH)
Batting: LHB Matt Evans 0-0: Called Strike
0-1: Swinging Strike
0-2: Strikes out looking
Bottom of the 3rd over - 0 runs, 0 hits, 0 errors, 0 left on base; Pittsburgh 6 - Los Angeles 2
TOP OF THE 4TH
Pittsburgh Pirates batting - Pitching for Los Angeles Angels : RHP Paul Pickel
Batting: RHB Alex Velazquez 0-0: Called Strike
0-1: Ball
1-1: Ball
2-1: Foul Ball, location: 5F
2-2: Ball
3-2: Strikes out swinging
Batting: RHB Verner Johannsen 0-0: Called Strike
0-1: Foul Ball, location: 25F
0-2: Ball
1-2: Ball
2-2: Ground out 6-3 (Groundball, 6, EV 103.1 MPH)
Batting: SHB Nick Stiles 0-0: Ground out 4-3 (Groundball, 4M, EV 106.9 MPH)
Top of the 4th over - 0 runs, 0 hits, 0 errors, 0 left on base; Pittsburgh 6 - Los Angeles 2
BOTTOM OF THE 4TH
Los Angeles Angels batting - Pitching for Pittsburgh Pirates : RHP Chris Niewinski
Batting: RHB Edgar Pirir 0-0: Ball
1-0: Foul Ball, location: 5F
1-1: DOUBLE (Flyball, 89D, EV 111.3 MPH)
Batting: LHB Trevor Martz 0-0: Swinging Strike
0-1: Ball
1-1: Swinging Strike
1-2: Ball
Wild Pitch!
Edgar Pirir to third
2-2: Ball
3-2: Base on Balls
Batting: RHB David Whitehead 0-0: Ball
1-0: Called Strike
1-1: Ball
2-1: Swinging Strike
2-2: Fly out, F7 (Flyball, 78D, EV 109.4 MPH)
Runner from 3rd tags up, SCORES, no throw by LF
Batting: RHB Randy Valdez 0-0: Foul Ball, location: 2F
0-1: Foul Ball, location: 3DF
0-2: Foul Ball, location: 2F
0-2: Fly out, F9 (Flyball, 9, EV 85.6 MPH)
Batting: RHB Juan Cruz 0-0: Swinging Strike
0-1: Ball
1-1: Foul Ball, location: 2F
1-2: Foul Ball, location: 3SF
1-2: Ball
2-2: Strikes out swinging
Bottom of the 4th over - 1 run, 1 hit, 0 errors, 1 left on base; Pittsburgh 6 - Los Angeles 3
TOP OF THE 5TH
Pittsburgh Pirates batting - Pitching for Los Angeles Angels : RHP Paul Pickel
Batting: RHB Randy Wilson 0-0: Called Strike
0-1: Ball
1-1: Called Strike
1-2: DOUBLE (Flyball, 8RXD, EV 107.5 MPH)
Batting: RHB Raul Munoz 0-0: Ball
1-0: SINGLE (Groundball, 6MD, EV 102.5 MPH)
Randy Wilson to third
Batting: RHB Zachary Gugliotta 0-0: Ball
1-0: Ball
2-0: Foul Ball, location: 2F
2-1: Foul Ball, location: 2F
2-2: Ball
3-2: Strikes out swinging
Batting: RHB Nate D'Acquisto 0-0: Ball
1-0: Ball
2-0: Called Strike
2-1: Called Strike
2-2: Strikes out swinging
Batting: RHB Carlos Flores 0-0: Fielders Choice at 2nd, 6-4 (Groundball, 6, EV 103.1 MPH)
Top of the 5th over - 0 runs, 2 hits, 0 errors, 2 left on base; Pittsburgh 6 - Los Angeles 3
BOTTOM OF THE 5TH
Los Angeles Angels batting - Pitching for Pittsburgh Pirates : RHP Chris Niewinski
Batting: RHB Dennis Jackson 0-0: Ball
1-0: Fly out, F4 (Line Drive, 4, EV 69.4 MPH)
Batting: RHB Tom Aitken 0-0: Fly out, F9 (Line Drive, 89M, EV 88.1 MPH)
Batting: RHB Matthew Allen 0-0: Ball
1-0: Called Strike
1-1: Called Strike
1-2: Ball
2-2: Foul Ball, location: 5F
2-2: Ball
3-2: SINGLE (Groundball, 6MD, EV 108.1 MPH)
Batting: LHB Matt Evans 0-0: Ball
1-0: Ball
2-0: Ball
3-0: Called Strike
3-1: Base on Balls
Matthew Allen to second
Batting: RHB Edgar Pirir 0-0: Ball
1-0: Swinging Strike
1-1: Ball
2-1: Fielders Choice at 2nd, 6-4 (Groundball, 6, EV 87.5 MPH)
Bottom of the 5th over - 0 runs, 1 hit, 0 errors, 2 left on base; Pittsburgh 6 - Los Angeles 3
TOP OF THE 6TH
Pittsburgh Pirates batting - Pitching for Los Angeles Angels : RHP Paul Pickel
Batting: RHB Bryan Dannemiller 0-0: Ball
1-0: SOLO HOME RUN (Flyball, 7D, EV 100.6 MPH), Distance : 371 ft
Batting: RHB Alex Velazquez 0-0: Ball
1-0: Ground out 5-3 (Groundball, 56, EV 90.6 MPH)
Batting: RHB Verner Johannsen 0-0: Fly out, F6 (Popup, 4MS, EV 77.5 MPH)
Batting: SHB Nick Stiles 0-0: Called Strike
0-1: Ball
1-1: Called Strike
1-2: Ball
2-2: Ground out U3 (Groundball, 34, EV 94.4 MPH)
Top of the 6th over - 1 run, 1 hit, 0 errors, 0 left on base; Pittsburgh 7 - Los Angeles 3
BOTTOM OF THE 6TH
Los Angeles Angels batting - Pitching for Pittsburgh Pirates : RHP Chris Niewinski
Batting: LHB Trevor Martz 0-0: Ball
1-0: Ball
2-0: Ball
3-0: Called Strike
3-1: Ground out 6-3 (Groundball, 6, EV 86.3 MPH)
Batting: RHB David Whitehead 0-0: Called Strike
0-1: Foul Ball, location: 5DF
0-2: Ball
1-2: Ball
2-2: Ball
3-2: Fly out, F6 (Popup, 4M, EV 73.8 MPH)
Batting: RHB Randy Valdez 0-0: Fly out, F8 (Flyball, 8RM, EV 93.1 MPH)
Bottom of the 6th over - 0 runs, 0 hits, 0 errors, 0 left on base; Pittsburgh 7 - Los Angeles 3
TOP OF THE 7TH
Pittsburgh Pirates batting - Pitching for Los Angeles Angels : RHP Paul Pickel
Pitching: RHP Chris Kirby
Batting: RHB Randy Wilson 0-0: Ball
1-0: Foul Ball, location: 9LDF
1-1: Foul Ball, location: 9LDF
1-2: Ball
2-2: Foul Ball, location: 23F
2-2: SINGLE (Groundball, 13S, EV 65.6 MPH) (infield hit)
Batting: RHB Raul Munoz 0-0: Ball
1-0: Ball
2-0: Foul Ball, location: 2F
2-1: Swinging Strike
2-2: Fly out, F8 (Flyball, 8RD, EV 98.1 MPH)
Batting: RHB Zachary Gugliotta 0-0: Foul Ball, location: 2F
0-1: Ball
1-1: Called Strike
1-2: Ball
2-2: Strikes out swinging
Batting: RHB Nate D'Acquisto 0-0: 2-RUN HOME RUN (Flyball, 7LD, EV 95.6 MPH), Distance : 343 ft
Batting: RHB Carlos Flores 0-0: Ball
1-0: Foul Ball, location: 2F
1-1: Foul Ball, location: 7LSFF
1-2: Foul Ball, location: 23F
1-2: Ball
2-2: Strikes out looking
Top of the 7th over - 2 runs, 2 hits, 0 errors, 0 left on base; Pittsburgh 9 - Los Angeles 3
BOTTOM OF THE 7TH
Los Angeles Angels batting - Pitching for Pittsburgh Pirates : RHP Chris Niewinski
Pitching: RHP Emilio Rios
Batting: RHB Juan Cruz 0-0: Ball
1-0: Called Strike
1-1: Foul Ball, location: 9LMF
1-2: Strikes out swinging
Pinch Hitting: LHB Ramon Bermudez 0-0: Ball
1-0: Ground out 3-1 (Groundball, 34, EV 97.5 MPH)
Batting: RHB Tom Aitken 0-0: Called Strike
0-1: Called Strike
0-2: Reached on error, E5 (Groundball, 56, EV 96.3 MPH)
Batting: RHB Matthew Allen 0-0: Ball
1-0: Ball
2-0: Called Strike
Tom Aitken steals 2nd base
2-1: Ball
3-1: Ground out 6-3 (Groundball, 56D, EV 96.3 MPH)
Bottom of the 7th over - 0 runs, 0 hits, 1 error, 1 left on base; Pittsburgh 9 - Los Angeles 3
TOP OF THE 8TH
Pittsburgh Pirates batting - Pitching for Los Angeles Angels : RHP Chris Kirby
Now at 2B: Tom Aitken
Now at SS: Juan Cruz
Now in CF: Ramon Bermudez
Batting: RHB Bryan Dannemiller 0-0: Called Strike
0-1: Ball
1-1: Fly out, F4 (Popup, 34, EV 58.8 MPH)
Batting: RHB Alex Velazquez 0-0: Swinging Strike
0-1: Ball
1-1: Called Strike
1-2: Ball
2-2: Foul Ball, location: 2F
2-2: Ball
3-2: Strikes out swinging
Batting: RHB Verner Johannsen 0-0: SINGLE (Line Drive, 8RS, EV 106.3 MPH)
Batting: SHB Nick Stiles 0-0: Called Strike
0-1: Ball
1-1: Foul Ball, location: 2F
1-2: SINGLE (Line Drive, 9S, EV 104.4 MPH)
Verner Johannsen to second
Batting: RHB Randy Wilson 0-0: Ball
1-0: Foul Ball, location: 23F
1-1: Ball
2-1: Foul Ball, location: 2F
2-2: Ball
3-2: Fly out, F8 (Flyball, 8LD, EV 95.6 MPH)
Top of the 8th over - 0 runs, 2 hits, 0 errors, 2 left on base; Pittsburgh 9 - Los Angeles 3
BOTTOM OF THE 8TH
Los Angeles Angels batting - Pitching for Pittsburgh Pirates : RHP Emilio Rios
Batting: LHB Matt Evans 0-0: Ball
1-0: Ball
2-0: Ball
3-0: Base on Balls
Batting: RHB Edgar Pirir 0-0: Ball
1-0: Ball
2-0: Ball
3-0: Called Strike
3-1: Called Strike
3-2: Foul Ball, location: 2F
3-2: Foul Ball, location: 2F
3-2: Base on Balls
Matt Evans to second
Batting: LHB Trevor Martz 0-0: Called Strike
0-1: Ball
1-1: Fielders Choice at 2nd, 4-6 (Groundball, 4, EV 87.5 MPH)
Matt Evans to third
Batting: RHB David Whitehead 0-0: Called Strike
0-1: Swinging Strike
0-2: Ball
1-2: Ball
2-2: Foul Ball, location: 23FF
2-2: DOUBLE (Flyball, 89D, EV 96.3 MPH)
Matt Evans scores
Trevor Martz to third
Pitching: LHP Ed Negron
Batting: RHB Randy Valdez 0-0: Fly out, F9 (Flyball, 9LSF, EV 76.3 MPH)
Lined into DP, 9-6 (Flyball, 9LSF, EV 76.3 MPH)
Bottom of the 8th over - 1 run, 1 hit, 0 errors, 1 left on base; Pittsburgh 9 - Los Angeles 4
TOP OF THE 9TH
Pittsburgh Pirates batting - Pitching for Los Angeles Angels : RHP Chris Kirby
Pitching: RHP Darius Boatner
Batting: RHB Raul Munoz 0-0: Called Strike
0-1: Called Strike
0-2: Ball
1-2: Ball
2-2: Foul Ball, location: 2F
2-2: Strikes out looking
Batting: RHB Zachary Gugliotta 0-0: Called Strike
0-1: Ball
1-1: Ball
2-1: Ground out 5-3 (Groundball, 56, EV 90.0 MPH)
Batting: RHB Nate D'Acquisto 0-0: Ball
1-0: Called Strike
1-1: Ball
2-1: Ground out 6-3 (Groundball, 6, EV 84.4 MPH)
Top of the 9th over - 0 runs, 0 hits, 0 errors, 0 left on base; Pittsburgh 9 - Los Angeles 4
BOTTOM OF THE 9TH
Los Angeles Angels batting - Pitching for Pittsburgh Pirates : LHP Ed Negron
Batting: RHB Juan Cruz 0-0: SINGLE (Groundball, 4MD, EV 96.3 MPH)
Pinch Hitting: RHB Nick Kirks 0-0: Ball
1-0: Ball
2-0: Fielders Choice at 2nd, 6-4 (Groundball, 6, EV 86.3 MPH)
Batting: RHB Tom Aitken 0-0: Ball
1-0: Foul Ball, location: 3F
1-1: Foul Ball, location: 25F
1-2: SINGLE (Line Drive, 9LS, EV 77.5 MPH)
Nick Kirks to second
Batting: RHB Matthew Allen 0-0: Called Strike
0-1: Ball
1-1: Fly out, F7 (Flyball, 7S, EV 85.0 MPH)
Batting: LHB Matt Evans 0-0: Ball
1-0: Swinging Strike
1-1: Foul Ball, location: 7LDF
1-2: Ball
2-2: Foul Ball, location: 2F
2-2: Foul Ball, location: 9LMF
2-2: Foul Ball, location: 25FF
2-2: Strikes out looking
Bottom of the 9th over - 0 runs, 2 hits, 0 errors, 2 left on base; Pittsburgh 9 - Los Angeles 4
Tuesday, April 16th , 2024 - OOTP Baseball 24.11 Build 85